 Dungeon Crawl Stone Soup version 0.30-a0-723-gc1506a1cf0 (webtiles) character file.

Game seed: 10073139673568373568

105 sircluck the Caller (level 4, -6/24 HPs)
             Began as a Tengu Summoner on Jan 27, 2023.
             Mangled by an ogre
             ... wielding a +0 giant club
              (30 damage)
             ... on level 4 of the Dungeon on Jan 28, 2023.
             The game lasted 00:21:21 (4093 turns).

sircluck the Caller (Tengu Summoner)                Turns: 4093, Time: 00:21:21

Health: -6/24      AC:  4    Str:  8    XL:     4   Next: 81%
Magic:  8/8        EV: 13    Int: 18    God:
Gold:   334        SH:  0    Dex: 14    Spells: 4/8 levels left

rFire   . . .      SeeInvis .    h - staff of cold
rCold   + . .      Faith    .    (no shield)
rNeg    . . .      Spirit   .    a - +0 robe
rPois   .          Reflect  .    (helmet restricted)
rElec   .          Harm     .    l - +0 cloak
rCorr   .          Rampage  .    u - +0 pair of gloves
Will    .....                    (boots unavailable)
Stlth   ++                       (no amulet)
HPRegen 0.24/turn                i - +4 ring of slaying
MPRegen 0.11/turn                C - ring of wizardry

@: no status effects
A: beak, talons 3
a: no special abilities


You were on level 4 of the Dungeon.
You visited 2 branches of the dungeon, and saw 5 of its levels.

You collected 334 gold pieces.

Inventory:

Hand Weapons
 m - a +0 sling
Missiles
 c - 40 stones
Armour
 a - a +0 robe (worn)
 g - a +0 helmet
 l - a +0 cloak (worn)
 q - a +0 chain mail
 r - a +1 cloak
 u - a +0 pair of gloves (worn)
Magical Staves
 h - a staff of cold (weapon)
Jewellery
 i - a +4 ring of slaying (left hand)
 A - a ring of willpower
 C - a ring of wizardry (right hand)
Wands
 y - a wand of digging (5)
Scrolls
 f - 3 scrolls of blinking {unknown}
 k - a scroll of teleportation {unknown}
 n - a scroll of enchant weapon {unknown}
 o - a scroll of poison {unknown}
 v - 2 scrolls of immolation {unknown}
 w - a scroll of fear {unknown}
 x - a scroll of identify {unknown}
 B - a scroll of amnesia {unknown}
Potions
 b - 2 potions of magic
 d - a potion of invisibility {unknown}
 e - 3 potions of might {unknown}
 j - a potion of mutation {unknown}
 p - 3 potions of degeneration {unknown}
 s - a potion of haste {unknown}
 t - a potion of curing {unknown}
 z - a potion of cancellation {unknown}


   Skills:
 + Level 0.2 Fighting
 + Level 1.2 Staves
 + Level 3.0 Dodging
 + Level 2.5 Stealth
 + Level 0.4 Unarmed Combat
 + Level 2.5 Spellcasting
 + Level 5.9 Summonings


You had 4 spell levels left.
You knew the following spells:

 Your Spells              Type           Power      Damage    Failure   Level
a - Summon Small Mammal   Summ           92%        N/A       1%          1
b - Call Canine Familiar  Summ           23%        N/A       1%          3

Your spell library contained the following spells:

 Spells                   Type           Power      Damage    Failure   Level
 Call Imp                 Summ           23%        N/A       1%          2
 Summon Guardian Golem    Hex/Summ       12%        N/A       6%          3
 Cigotuvi's Dreadful Rot  Necr/Pois/Air  4%         N/A       11%         2
 Lesser Beckoning         Tloc           4%         N/A       11%         2
 Gell's Gravitas          Tloc           2%         N/A       21%         3
 Teleport Other           Tloc           2%         N/A       21%         3
 Summon Lightning Spire   Summ/Air       12%        N/A       21%         4
 Dispel Undead            Necr           2%         3d7       52%         4
 Death Channel            Necr           1%         N/A       100%        6


Dungeon Overview and Level Annotations

Branches:
Dungeon (4/15)             Temple (1/1) D:4

Altars:
Cheibriados
Dithmenos
Fedhas
Gozag
Hepliaklqana
Kikubaaqudgha
Makhleb
Nemelex Xobeh
Qazlal
Ru
Sif Muna
Trog
Uskayaw
Xom
Yredelemnul
Zin

Shops:
D:1 (


Innate Abilities, Weirdness & Mutations

You have a beak for a mouth.
You have claws for feet.


Message History

You now have 334 gold pieces (gained 16).
You open the door.
Found a hazy altar of Hepliaklqana.
Found an escape hatch in the floor.
There is an open door here.
Why would you want to do that? Why would you want to do that?
Why would you want to do that? Why would you want to do that?
Why would you want to do that? Why would you want to do that?
Why would you want to do that? Why would you want to do that?
Why would you want to do that? Why would you want to do that?
Why would you want to do that? Why would you want to do that?
Why would you want to do that? Why would you want to do that?
Why would you want to do that? Why would you want to do that?
Why would you want to do that? Why would you want to do that?
Why would you want to do that? Why would you want to do that?
Why would you want to do that? Why would you want to do that?
Sorry, I don't know how to get there.
An ogre comes into view. It is wielding a +0 giant club.
An ogre is nearby!
An orc comes into view. It is wielding a +0 hand axe.
Found a stone staircase leading up.
The ogre shouts!
The orc shouts!
The ogre barely misses you.
You closely miss the ogre. You claw the ogre! You punch the ogre.
The ogre is heavily wounded.
You hit the ogre! Your peck misses the ogre.
The ogre is almost dead.
The ogre hits you with a +0 giant club!!
Ouch! That really hurt!
You die...

.....#####..............##.######
.....# #..............##.# .....#
#..........######.# .#####
############ #.# ## #.# ### #.#
..# ############ #.# ..######
#..........#####.#### .......#
#....O@.............### .......#
#.....o....#####.##.##. .......#
#............<##....... .......#
#..........#####....... .......##
#..........# #....... ........#
#..........# #....... ........#
#..........# #....... ........#
#..........# #....... ........#
########.##.###


You could see an ogre and an orc.

Vanquished Creatures
  An orc priest (D:4)
  3 worms
  A dart slug (D:1)
  An orc (D:2)
  7 endoplasms
  2 giant cockroaches
  3 goblins
  4 hobgoblins
  3 jackals (D:1)
  A quokka (D:4)
  8 ball pythons
  7 bats
  3 frilled lizards
  A kobold (D:4)
  5 rats
  A bush (D:1)
51 creatures vanquished.

Vanquished Creatures (collateral kills)
  2 orcs (D:4)
  An endoplasm (D:1)
  A giant cockroach (D:3)
  A hobgoblin (D:1)
  A jackal (D:1)
  2 kobolds
  2 rats
10 creatures vanquished.

Vanquished Creatures (others)
  3 plants (D:1)
3 creatures vanquished.

Grand Total: 64 creatures vanquished

Notes
Turn   | Place    | Note
-------+----------+-------------------------------------------
     0 | D:1      | sircluck the Tengu Summoner began the quest for the Orb.
     0 | D:1      | Reached XP level 1. HP: 10/10 MP: 4/4
    43 | D:1      | Reached skill level 5 in Summonings
    86 | D:1      | Found Arokuig's Antique Weapon Emporium.
   103 | D:1      | Reached XP level 2. HP: 14/15 MP: 6/6
   407 | D:1      | Reached XP level 3. HP: 7/19 MP: 7/7
  1647 | D:2      | Learned a level 3 spell: Call Canine Familiar
  1711 | D:2      | Upgraded the game from 0.30-a0-722-g3e6e8c874d to
                  | 0.30-a0-723-gc1506a1cf0
  2081 | D:2      | Reached skill level 1 in Staves
  2523 | D:3      | Reached XP level 4. HP: 23/24 MP: 5/8
  2959 | D:3      | Found a sparkling altar of Nemelex Xobeh.
  2961 | D:3      | Found a snail-covered altar of Cheibriados.
  2967 | D:3      | Found a shimmering blue altar of Sif Muna.
  2967 | D:3      | Found a sacrificial altar of Ru.
  2967 | D:3      | Found a glowing silver altar of Zin.
  2967 | D:3      | Found a burning altar of Makhleb.
  2970 | D:3      | Found an ancient bone altar of Kikubaaqudgha.
  3692 | D:4      | Found a staircase to the Ecumenical Temple.
  3815 | Temple   | Entered the Ecumenical Temple
  4062 | D:4      | Found a hazy altar of Hepliaklqana.
  4086 | D:4      | Noticed an ogre
  4093 | D:4      | Mangled by an ogre

Illustrated notes

Levels and vault maps discovered:
D:1:      nzn_arrival_crosshair, layout_rooms, serial_shops,
          nicolae_shop_advertising_works [nicolae_subvault_shop_adworks],
          serial_forest, infiniplex_forest_straight_3,
          infiniplex_forest_clump_curved, infiniplex_forest_end_3,
          infiniplex_forest_straight_2, infiniplex_forest_lined_corner
D:2:      layout_basic
D:3:      layout_loops_ring, minitemple, chequers_hall_statues_corner_a
D:4:      layout_basic, general_overflow_altar, minmay_temple_entry_sparse_star,
          hangedman_decor_slide_cut
Temple:   nicolae_temple_superstar

Skill      XL: |  1  2  3  4 |
---------------+-------------+-----
Summonings     | 5 |  5.9
Staves         | 1 |  1.2
Dodging        | 3 |  3.0
Fighting       | |  0.2
Stealth        | |  2.5
Unarmed Combat | |  0.4
Spellcasting   | |  2.5

Action                     |  1- 3 |  4- 6 || total
---------------------------+-------+-------++-------
  Melee: Unarmed           |    48 |       ||    48
         Kick              |   195 |     9 ||   204
         Peck              |   128 |     2 ||   130
         Staff             |   347 |    18 ||   365
         Punch             |    10 |     1 ||    11
   Cast: Summon Small Mamm |    23 |     5 ||    28
   Stab: Sleeping          |     4 |     1 ||     5
 Armour: Robe              |    40 |     2 ||    42
  Dodge: Dodged            |   127 |    13 ||   140

Table legend: (Time is in decaauts)
 A = Elapsed time spent in this place.
 B = Non-inter-level travel time spent in this place.
 C = Inter-level travel time spent in this place.
 D = Time resting spent in this place.
 E = Time spent auto-exploring this place.
 F = Levels seen in this place.
 G = Mean time per level.
                   A        B        C        D        E       F      G
               +--------+--------+--------+--------+--------+-----+--------+
         Total |   4169 |   4022 |    147 |      0 |   1442 |   5 |  833.8 |
       Dungeon |   4055 |   3908 |    147 |      0 |   1442 |   4 | 1013.8 |
        Temple |    113 |    113 |      0 |      0 |      0 |   1 |  113.0 |
               +--------+--------+--------+--------+--------+-----+--------+

Top non-repeatable levels by time:
     D:1: 1280 daAuts
     D:2: 1226 daAuts
     D:3: 822 daAuts
     D:4: 726 daAuts
  Temple: 113 daAuts
